[Event "*** Titled Tuesday 3|2 Blitz"]
[Site "Chess.com"]
[Date "2015.01.27"]
[Round "4"]
[White "Carolina-moon"]
[Black "Rogue_King"]
[Result "1/2-1/2"]
[WhiteElo "1998"]
[BlackElo "2001"]
[TimeControl "180+2"]
[EndTime "11:58:24 PST"]
[Termination "Game drawn by agreement"]

1. e4 c6 2. c4 d5 3. exd5 cxd5 4.
cxd5 Nf6 5. Qa4+ Nbd7 6. Nc3 g6 7. Nf3 Bg7 8. Bc4 O-O 9. Qb3 a6 10. a4 Nc5 11. Qa3 Nce4 12. O-O Nd6 13. d3 Qc7 14.
Bf4 Bg4 15. Ne5 Nh5 16. Nxg4 Nxf4 17. Rfe1 Nxc4 18. dxc4 Qxc4 19. Qxe7 Nxd5 20. Nxd5 Qxd5 21. Nf6+ Bxf6 22. Qxf6 Rfe8 23. Rxe8+ Rxe8 24. Rc1 Qd2 25. Qc3 Re2 26. Qxd2 Rxd2 27. Rb1 b5 28. axb5 axb5 29. g3 Kf8 30. b4 Ke7 31. Kg2 Rd4 32. Kf3 Kd6 33. Ke3 Kd5 34. h4 h5 35. Rb3 f6 36. Rd3 Rxd3+ 37. Kxd3 g5 38. f3 gxh4 39.
gxh4 Ke5 40. Ke3 Kd5 41. Kd3 Ke5 42. Ke3 f5 43. f4+ Ke6 1/2-1/2

[Event "*** Titled Tuesday 3|2 Blitz"]
[Site "Chess.com"]
[Date "2015.01.27"]
[Round "4"]
[White "diokletian"]
[Black "wonderfultime"]
[Result "0-1"]
[WhiteElo "2326"]
[BlackElo "2552"]
[TimeControl "180+2"]
[EndTime "11:58:39 PST"]
[Termination "wonderfultime won by resignation"]

1. d4 d5 2. c4 c6 3. cxd5 cxd5 4.
Nc3 Nf6 5. Bf4 Nc6 6. e3 e6 7. Bd3 a6 8. Rc1 Bd6 9. Bxd6 Qxd6 10. f4 O-O 11. Nf3 b5 12. O-O Bb7 13. Ne5 Rac8 14. Rf3 Ne7 15. g4 Ne4 16. g5 b4 17. Ne2 Nf5 18.
Rxc8 Rxc8 19. Ng3 Nfxg3 20. hxg3 Qc7 21. Kg2 f6 22. gxf6 gxf6 23. Ng4 Qg7 24. Nf2 Kh8 25. Qe1 Rg8 26. Nh1 a5 27. a3 Qe7 28. axb4 axb4 29.
Bxe4 dxe4 30. Rf1 Ba6 31. Rg1 Rc8 32. Qd2 Rc7 33. Rc1 Be2 34. Rxc7 Bf3+ 35. Kh2 Qxc7 36.
Nf2 Qc4 37. Qe1 Qc2 38. Kh3 Qxb2 39. Kh4 Kg7 40. g4 b3 41. g5 fxg5+ 42. fxg5 Qe2 0-1

[Event "*** Titled Tuesday 3|2 Blitz"]
[Site "Chess.com"]
[Date "2015.01.27"]
[Round "4"]
[White "Tilicheev_Viacheslav"]
[Black "exoticprincess"]
[Result "0-1"]
[WhiteElo "2501"]
[BlackElo "2670"]
[TimeControl "180+2"]
[EndTime "11:58:42 PST"]
[Termination "exoticprincess won by resignation"]

1. e4 c6 2. Nc3 d5 3. Qf3 d4 4. Bc4 e6 5. Nce2 Nd7 6. Qg3 Nc5 7. d3 b5 8. Bb3 a5 9. a3 Nxb3 10. cxb3 f6 11. f4 c5 12. Nf3 Ne7 13. Bd2 Bb7 14.
Rc1 Nc6 15. O-O Qd7 16. Qh3 a4 17. bxa4 Rxa4 18. Rxc5 Bxc5 19. Qh5+ g6 20. Qxc5 Kf7 21. f5 gxf5 22. exf5 e5 23. Ng3 Ne7 24. b3 Ra6 25.
Qc1 h5 26. Qd1 h4 27. Ne4 Bxe4 28. dxe4 Rxa3 29. Bb4 Ra2 30. Kh1 Nc6 31. Bc5 b4 32. Qd3 Kg7 33. Nxh4 Rh5 34. Ng6 Rg5 35. Qh3 Rxg6 36.
fxg6 Qxh3 37. gxh3 Rb2 38. Rg1 Rxb3 39. h4 Rh3 40.
Rg4 b3 41. Ba3 d3 42. Kg2 d2 43.
Kxh3 d1=Q 44. h5 Qf3+ 45. Kh4 Qf2+ 46. Kh3 Qe3+ 47. Kh4 Nd4 48. Rg3 Qf4+ 49. Kh3 Nf3 50. Kg2 Ng5 51. h4 Qxe4+ 0-1

[Event "*** Titled Tuesday 3|2 Blitz"]
[Site "Chess.com"]
[Date "2015.01.27"]
[Round "4"]
[White "zmaj23"]
[Black "FytNob"]
[Result "1-0"]
[WhiteElo "2177"]
[BlackElo "1854"]
[TimeControl "180+2"]
[EndTime "11:58:48 PST"]
[Termination "zmaj23 won on time"]

1. e4 c5 2. Nf3 d6 3. d4 cxd4 4. Nxd4 Nf6 5. Nc3 a6 6. Bg5 e6 7. f4 b5 8. e5 dxe5 9. fxe5 Qc7 10. Qe2 Nfd7 11. O-O-O Nc6 12. Nxc6 Qxc6 13. Ne4 Bb7 14.
Nd6+ Bxd6 15. Rxd6 Qc7 16. h4 h6 17. Bf4 O-O 18.
Rh3 Rfd8 19. Rc3 Qb8 20. Qg4 Nf8 21. Bxh6 Ng6 22. h5 Rxd6 23. hxg6 Rd7 24. gxf7+ Rxf7 25. Bd3 Qxe5 26. Bd2 Raf8 27. b4 Bd5 28. Qg6 Rf1+ 29. Bxf1 Rxf1+ 30. Kb2 Rf2 31. Ka3 Bc4 32. Rh3 Qa1 33.
Qh7+ Kf8 34. Qh8+ Kf7 35. Qh5+ Ke7 36. Qc5+ Kd7 37. Qa7+ Kd6 38. Qxa6+ Ke5 39. Bc3+ Qxc3+ 40. Rxc3 Rxg2 41. Qb7 Rg1 42. Kb2 1-0

[Event "*** Titled Tuesday 3|2 Blitz"]
[Site "Chess.com"]
[Date "2015.01.27"]
[Round "4"]
[White "AnthonyWirig"]
[Black "FairChess_on_YouTube"]
[Result "1/2-1/2"]
[WhiteElo "2563"]
[BlackElo "2715"]
[TimeControl "180+2"]
[EndTime "11:59:01 PST"]
[Termination "Game drawn by agreement"]

1. d4 d5 2. Nf3 Nf6 3. c4 e6 4.
Nc3 Be7 5. Bf4 O-O 6. e3 Nbd7 7.
Rc1 c5 8. dxc5 Nxc5 9. Be2 dxc4 10. Bxc4 a6 11. Ne5 Qxd1+ 12. Rxd1 Nfd7 13. Be2 Bf6 14. Nxd7 Nxd7 15. Bf3 Ne5 16. Be2 b5 17. Ne4 Bb7 18. Nxf6+ gxf6 19. O-O Rfc8 20. Rc1 Be4 21. Bxe5 fxe5 22.
f3 Bd5 23. a3 Kf8 24. Kf2 Ke7 25. e4 Bb3 26. Ke3 f5 27. g3 Kf6 28. Bd3 h6 29. f4 exf4+ 30. gxf4 fxe4 31. Bxe4 Rab8 32. Rg1 Rxc1 33. Rxc1 b4 34. Rc6 bxa3 35. bxa3 a5 36. f5 Ke7 37. Ra6 exf5 38. Bxf5 Rb5 39. Kf4 h5 40. h4 Bf7 41. Be4 Rc5 42. Ra7+ Kf6 43. Ra6+ Be6 44. Bf3 Rc4+ 45. Be4 Ra4 46. Rb6 Rd4 47. Ra6 Ra4 48. Rb6 Ke7 49. Ke5 Bg4 50. Rb7+ Kd8 51. Bc6 Rxa3 52. Ra7 a4 53. Rxa4 Rxa4 54.
Bxa4 Ke7 55. Bb3 1/2-1/2

[Event "*** Titled Tuesday 3|2 Blitz"]
[Site "Chess.com"]
[Date "2015.01.27"]
[Round "4"]
[White "SidArun"]
[Black "FlySooHigh"]
[Result "1/2-1/2"]
[WhiteElo "1841"]
[BlackElo "2380"]
[TimeControl "180+2"]
[EndTime "11:59:01 PST"]
[Termination "Game drawn by agreement"]

1. e4 d5 2. exd5 Nf6 3. Nf3 Nxd5 4. d4 g6 5. Bc4 Bg7 6. O-O O-O 7. c3 Nb6 8. Bb3 N8d7 9. Nbd2 c5 10. Nc4 cxd4 11.
Nxd4 Nc5 12. Nxb6 Qxb6 13. Bc2 e5 14. Nb3 Na4 15. Be3 Qc7 16. Qc1 Be6 17. Nd2 Nb6 18. Bb3 Nd5 19. Ne4 Nxe3 20. Qxe3 Rfe8 21. Nc5 Bf5 22.
Rad1 Rad8 23. Ne4 h6 24. Ng3 b6 25. Nxf5 gxf5 26. Bd5 e4 27. Qh3 Qe5 28. c4 Kf8 29. Qh5 Re7 30. b3 f4 31. Qxe5 Rxe5 32. Rfe1 f5 33. Re2 Bf6 34. f3 Be7 35. fxe4 fxe4 36. Rf1 Bc5+ 37. Kh1 Kg7 38. Rxf4 e3 39. g3 Kg6 40.
Kg2 Rd6 41. Kf3 a5 42. Be4+ Kg7 43. Bd5 Rf6 44. Rxf6 Kxf6 45. Be4 Ke6 46. Bd5+ Kf6 47. g4 Re7 48. h4 Ke5 49. g5 hxg5 50. hxg5 Kf5 51.
Rg2 e2 52. Rxe2 Rxe2 53. Kxe2 Kxg5 54. Kd3 1/2-1/2

[Event "*** Titled Tuesday 3|2 Blitz"]
[Site "Chess.com"]
[Date "2015.01.27"]
[Round "4"]
[White "MikePerelshteyn"]
[Black "lorcho"]
[Result "1-0"]
[WhiteElo "2164"]
[BlackElo "2377"]
[TimeControl "180+2"]
[EndTime "11:59:19 PST"]
[Termination "MikePerelshteyn won by checkmate"]

1. Nf3 d5 2. c4 e6 3. d4 c5 4.
cxd5 exd5 5. Nc3 Nc6 6. g3 Nf6 7. Bg2 Be7 8. O-O O-O 9. b3 Bf5 10. Bb2 a6 11. dxc5 Bxc5 12. Rc1 Ba7 13. Na4 Be4 14. Nc5 Bxc5 15. Rxc5 Re8 16. Qd2 h6 17. Rd1 Re6 18. Nd4 Nxd4 19. Qxd4 Bxg2 20. Kxg2 Rxe2 21.
Rd2 Qe7 22. Rxe2 Qxe2 23. Rxd5 Re8 24. Rd7 Qe6 25. Rd6 Qe7 26. h3 b5 27. Kh2 a5 28.
Rd5 Qe2 29. Rd8 Rxd8 30. Qxd8+ Kh7 31. Qd4 a4 32. bxa4 bxa4 33. a3 Qc2 34. g4 Ne8 35. Kg2 f6 36. Kf3 Kh8 37. Qe4 Qb3+ 38. Kg2 Nd6 39.
Qe2 Qd5+ 40. Qf3 Qb5 41. Bxf6 Nf7 42. Bd4 Qe8 43. Qb7 Kg8 44. h4 Qd8 45. Qe4 Qxh4 46. Qe8+ Kh7 47. Qe4+ g6 48. Qe6 Ng5 49. Qe7+ Kg8 50.
Qg7# 1-0

[Event "*** Titled Tuesday 3|2 Blitz"]
[Site "Chess.com"]
[Date "2015.01.27"]
[Round "4"]
[White "162a54f5d"]
[Black "TooOldTooSlow70"]
[Result "1/2-1/2"]
[WhiteElo "2294"]
[BlackElo "2331"]
[TimeControl "180+2"]
[EndTime "11:59:20 PST"]
[Termination "Game drawn by repetition"]

1. d4 Nf6 2. c4 g6 3. f3 Nc6 4. d5 Ne5 5. e4 d6 6. Nc3 Bg7 7. f4 Ned7 8. Nh3 c6 9. Be3 cxd5 10.
cxd5 Nc5 11. Nf2 O-O 12. b4 Ncd7 13. Bd3 a5 14. a3 Nh5 15. Rc1 axb4 16. axb4 e5 17.
dxe6 fxe6 18. g3 e5 19. f5 Ndf6 20. O-O d5 21. Nxd5 Nxd5 22. Bc4 gxf5 23. Bxd5+ Kh8 24. Qxh5 f4 25. Bc5 Rf6 26. Qxe5 fxg3 27. hxg3 Rxf2 28. Qe7 Rxf1+ 29. Rxf1 Qxe7 30. Bxe7 Bh3 31. Rd1 Ra3 32. Bxb7 h5 33. Kh2 Bg4 34. Rd2 Be5 35. Bh4 Rb3 36.
Bc8 Bxc8 37. Rd8+ Kg7 38. Rxc8 Rxb4 39. Rc6 Rxe4 40. Kg2 Ra4 41. Re6 Ra5 42. Re7+ Kg6 43. Kf3 Rb5 44. Ke4 Bg7 45. Re6+ Kf7 46. Rc6 Rb4+ 47.
Kf3 Rb3+ 48. Kg2 Rb2+ 49. Kf3 Rb3+ 50. Ke4 Rb4+ 51. Kf3 Rb3+ 52. Kg2 Rb2+ 53. Kf3 Rb3+ 54. Kf4 Rb4+ 55. Kf5 Rb5+ 56. Ke4 Rb4+ 57. Kf3 Rb3+ 1/2-1/2

[Event "*** Titled Tuesday 3|2 Blitz"]
[Site "Chess.com"]
[Date "2015.01.27"]
[Round "4"]
[White "EltajSafarli"]
[Black "GeorgMeier"]
[Result "1-0"]
[WhiteElo "2574"]
[BlackElo "2657"]
[TimeControl "180+2"]
[EndTime "11:59:41 PST"]
[Termination "EltajSafarli won on time"]

1. e4 e6 2. d4 d5 3. Nd2 dxe4 4.
Nxe4 Nd7 5. Bd3 Ngf6 6. Qe2 c5 7. Nxf6+ Nxf6 8. dxc5 Bxc5 9. Bd2 O-O 10. O-O-O Qb6 11.
Nf3 e5 12. Nxe5 Re8 13. Bc3 Be6 14. Qf3 Rac8 15. Nc4 Bxc4 16. Bxc4 Bxf2 17. Bb3 Qe3+ 18. Qxe3 Bxe3+ 19. Kb1 Re7 20. Rhe1 Bc5 21. Re5 Rxe5 22. Bxe5 Be7 23. c3 Rd8 24. Bd4 b6 25. Re1 Kf8 26. Rf1 Rd7 27. a4 h6 28. h4 Bc5 29. Bxf6 gxf6 30. Rxf6 Kg7 31. Rf3 a5 32. Kc2 Kg6 33. g4 Kg7 34. Rf5 Be3 35. Bd5 f6 36. b4 Re7 37. Kd3 axb4 38. cxb4 Bg1 39. Kc4 Re2 40.
Kb5 Rd2 41. a5 bxa5 42. bxa5 Rd4 43. Be6 Rxg4 44. Rf3 Rg2 45. a6 Rb2+ 46. Ka4 Bd4 47. h5 Kf8 48. Rxf6+ Ke7 49. Rf4 Bc5 50. Re4 Kd6 51. Bb3 Kc7 52. Rc4 1-0

[Event "*** Titled Tuesday 3|2 Blitz"]
[Site "Chess.com"]
[Date "2015.01.27"]
[Round "4"]
[White "BeerLag"]
[Black "rhungaski"]
[Result "0-1"]
[WhiteElo "2200"]
[BlackElo "2370"]
[TimeControl "180+2"]
[EndTime "11:59:44 PST"]
[Termination "rhungaski won on time"]

1. e4 d6 2. d4 Nf6 3. Nc3 e5 4.
Nge2 Nbd7 5. g3 c6 6. Bg2 Be7 7. O-O b5 8. a3 Bb7 9. d5 cxd5 10. Nxd5 Nxd5 11. exd5 Nf6 12. Nc3 a6 13. h3 O-O 14.
Kh2 Rc8 15. f4 exf4 16. Bxf4 Nd7 17. Qh5 g6 18. Qe2 Nc5 19. Rae1 Bf6 20. Bh6 Bg7 21.
Bf4 Qd7 22. Qe7 Qxe7 23. Rxe7 Rfd8 24. h4 Bf8 25. Re2 f5 26. h5 Re8 27. hxg6 hxg6 28. Rfe1 Rxe2 29. Rxe2 Kf7 30. Bh3 Rc7 31. g4 Bc8 32.
gxf5 Bxf5 33. Rf2 Kg8 34. Bxf5 gxf5 35. Bg3 Rf7 36. Rg2 Rh7+ 37. Kg1 Kf7 38. Bf4 Rh4 39. Be3 Rc4 40. Rf2 Kg6 41. Kg2 Bg7 42. Bxc5 Rxc5 43. Ne2 Be5 44. c3 Rxd5 45. Nc1 Rd1 46. Nb3 Kg5 47. Kf3 Rd3+ 48. Ke2 Rh3 49. Nc1 f4 50. Nd3 a5 51. Ne1 Kf5 52. Rg2 Ke4 53. Rf2 Re3+ 54. Kd2 f3 55. Nc2 Bf4 56. Kd1 Rd3+ 57.
Ke1 Bg3 0-1

[Event "*** Titled Tuesday 3|2 Blitz"]
[Site "Chess.com"]
[Date "2015.01.27"]
[Round "4"]
[White "WanderingPuppet"]
[Black "guillead1"]
[Result "0-1"]
[WhiteElo "2113"]
[BlackElo "2390"]
[TimeControl "180+2"]
[EndTime "11:59:48 PST"]
[Termination "guillead1 won by resignation"]

1. e4 g6 2. d4 Bg7 3. Nc3 c6 4.
Nf3 d5 5. e5 Nh6 6. h3 O-O 7. a3 f6 8. exf6 exf6 9. Be2 Re8 10. O-O Nd7 11. Bf4 Nf8 12. Qd2 Nf7 13.
Rfe1 Be6 14. Na4 b6 15. Ba6 Qd7 16. Bd3 Rad8 17. Nc3 Qc8 18. Nd1 Bd7 19. Ne3 Ne6 20. Bg3 Bh6 21. c3 Nf4 22. Bf1 Re6 23.
Qd1 Ree8 24. Nc2 Rxe1 25. Ncxe1 Re8 26. Nd3 Ne6 27. Qc2 Nf8 28. Re1 Bf5 29. Rxe8 Qxe8 30. Qe2 Qxe2 31. Bxe2 Bxd3 32. Bxd3 Bc1 33. Bb8 Bxb2 34. Bxa7 Nd7 35. Ba6 Nd6 36. Kf1 Bxc3 37. Ke2 Bb2 38. a4 Kf7 39. Kd3 Ke6 40. Kc2 Ba3 41.
Nd2 Bb4 42. Nf3 Ba5 43. h4 Ke7 44. h5 Kd8 45. hxg6 hxg6 46. Bd3 g5 47. Ba6 Kc7 48. Kd3 Nc8 49. Bxc8 Kxc8 50. g3 Kb7 51. Nh2 Kxa7 52.
Ng4 Kb7 53. f4 gxf4 54. gxf4 Kc7 55. Nh6 Bb4 56. Nf5 Bf8 57. Ne3 Kb7 58. Kc2 Ka6 59. Kb3 Bd6 60. Ng2 Nf8 61. f5 Nd7 62. Ne3 Bf4 63.
Nc2 Bd2 64. Na3 Ka5 65. Nb1 Bb4 0-1

[Event "*** Titled Tuesday 3|2 Blitz"]
[Site "Chess.com"]
[Date "2015.01.27"]
[Round "4"]
[White "pKiLz5Rn9b"]
[Black "iFrancisco"]
[Result "1-0"]
[WhiteElo "2288"]
[BlackElo "2372"]
[TimeControl "180+2"]
[EndTime "12:00:19 PST"]
[Termination "pKiLz5Rn9b won by resignation"]

1. e4 e5 2. Nf3 Nc6 3. Bc4 Nf6 4.
d3 Bc5 5. c3 d6 6. Nbd2 a6 7.
Bb3 Ba7 8. h3 h6 9. Nf1 Qe7 10.
Ng3 Be6 11. O-O O-O 12. Be3 Rfe8 13. d4 exd4 14. cxd4 Bxb3 15. Qxb3 Nxe4 16. Nxe4 Qxe4 17. Qxb7 Nxd4 18. Qxe4 Rxe4 19. Bxd4 Bxd4 20. Rac1 Bxb2 21. Rxc7 Ra4 22. Rb1 Bf6 23. Rc2 d5 24. Rd1 Rd8 25. Ne1 d4 26. Nd3 Rd5 27. Re1 Ra3 28. Rd1 Kh7 29.
Rc7 Rb5 30. Rxf7 Rxa2 31. Nf4 Rf5 32. g3 a5 33. Nd3 Rb5 34. Rc1 Rd2 35. Nf4 a4 36. Rc8 Bg5 37. Ne6 Kg6 38. Rf3 Bf6 39. Ra8 Ra2 40. Ra7 Rd5 41. Nf8+ Kg5 42. Kg2 d3 43. Nh7+ Kg6 44. Nf8+ Kg5 45. Ne6+ Kg6 46. Nf4+ Kh7 47. Nxd5 d2 48. Nxf6+ Kg6 49. Rd3 Kxf6 50. Kf3 Ra3 51. Rxa3 d1=Q+ 52. Kg2 Qd5+ 53. Kh2 Qc5 54. Ra6+ Kf7 55. Ra2 a3 56. R6xa3 Kg8 57. Re3 Kh7 58. Rae2 Kg6 59. h4 Kh7 60. Re5 Qd4 61. Re7 Kg6 62.
Kg2 Qd5+ 63. Kh2 Qd4 64. Rb7 Qc5 65. Rb3 Qd4 66. Rf3 Kh7 67. Ra2 Kg6 68. Ra6+ Kh7 69. Re3 Qf6 70. Rxf6 1-0

[Event "*** Titled Tuesday 3|2 Blitz"]
[Site "Chess.com"]
[Date "2015.01.27"]
[Round "4"]
[White "GasconJR"]
[Black "stepanosinovsky"]
[Result "1-0"]
[WhiteElo "1969"]
[BlackElo "2228"]
[TimeControl "180+2"]
[EndTime "12:00:21 PST"]
[Termination "GasconJR won by resignation"]

1. e4 e5 2. Nf3 Nc6 3. Bb5 a6 4.
Ba4 Nf6 5. O-O Be7 6. Re1 b5 7. Bb3 O-O 8. a4 Bb7 9. d3 d5 10.
Qe2 dxe4 11. dxe4 Na5 12. Nbd2 Nxb3 13. cxb3 Bd6 14. Qd3 h6 15. Nf1 Bb4 16. Qxd8 Rfxd8 17. Bd2 Bd6 18. Ng3 Kh7 19. Bc3 Re8 20. b4 g6 21.
axb5 axb5 22. Rxa8 Bxa8 23. Nd2 h5 24. f3 c5 25. Nb3 cxb4 26. Bd2 Bb7 27. Bg5 Ng8 28. Rd1 Re6 29. Be3 Nf6 30. Bc5 Ne8 31. Nf1 Bc8 32. Bf2 Be7 33. Ne3 Rc6 34. Nd5 Bf8 35. Rd2 Be6 36. Kf1 Nd6 37. Ke2 Nc4 38.
Rc2 Kg7 39. Ne3 f6 40. Nd5 Rc8 41. Nd2 Rd8 42. Nxc4 bxc4 43. Rxc4 Bxd5 44. exd5 Rxd5 45. Rc7+ Kg8 46. Rc8 Kf7 47. Rc7+ Ke6 48. Rb7 Be7 49. Be3 f5 50. h3 Rd7 51. Rxd7 Kxd7 52. Kd3 Kc6 53.
Kc4 e4 54. fxe4 fxe4 55. Bd2 Bd8 56. Bxb4 Bb6 57. Bc3 Bg1 58. b4 Bf2 59. b5+ Kb7 60.
Bd4 e3 61. Kd3 e2 62. Bxf2 1-0

[Event "*** Titled Tuesday 3|2 Blitz"]
[Site "Chess.com"]
[Date "2015.01.27"]
[Round "4"]
[White "MinhGTrAn"]
[Black "vovkcoach"]
[Result "1-0"]
[WhiteElo "2446"]
[BlackElo "2448"]
[TimeControl "180+2"]
[EndTime "12:00:25 PST"]
[Termination "MinhGTrAn won on time"]

1. d4 Nf6 2. Bg5 d5 3. Bxf6 exf6 4.
e3 Bd6 5. Nd2 O-O 6. g3 f5 7.
Bg2 c6 8. Ne2 Nd7 9. O-O Nf6 10.
c4 dxc4 11. Nxc4 Bc7 12. Qc2 h5 13. b4 h4 14. a4 hxg3 15. hxg3 Ng4 16. b5 cxb5 17.
axb5 Bd7 18. Bxb7 Qf6 19. Nd2 Bxb5 20. Rfe1 Bd6 21. Bxa8 Rxa8 22. Nf3 g6 23. Kg2 Qe7 24. Nf4 Qd7 25. Ng1 Rc8 26. Qb3 Bxf4 27. gxf4 Bc6+ 28. f3 Bd5 29. Qd3 Kg7 30. Kg3 Nf6 31. Ne2 Qe7 32. Rh1 Bc4 33. Qd2 Nd5 34. Kf2 Bxe2 35. Qxe2 Rc3 36.
Kg3 Nf6 37. Rae1 a5 38. Kf2 Qc7 39. Rd1 a4 40. Rd2 a3 41. Qa6 Qe7 42. Re2 a2 43.
Qxa2 Qb7 44. Qb2 Qc6 45. Qb8 Ne8 46. Qe5+ Nf6 47. d5 Qc5 48. Kg3 Rd3 49. Reh2 Qxd5 50. Rh7+ Kg8 51. Rh8+ 1-0

[Event "*** Titled Tuesday 3|2 Blitz"]
[Site "Chess.com"]
[Date "2015.01.27"]
[Round "4"]
[White "HansCoolNiemann"]
[Black "LADIESGET2KNOWME"]
[Result "0-1"]
[WhiteElo "1704"]
[BlackElo "2302"]
[TimeControl "180+2"]
[EndTime "12:00:43 PST"]
[Termination "LADIESGET2KNOWME won by checkmate"]

1. d4 Nf6 2. c4 g6 3. Nc3 Bg7 4.
e4 d6 5. Nf3 O-O 6. Be2 e5 7.
dxe5 dxe5 8. Qxd8 Rxd8 9. Bg5 Nbd7 10. O-O-O Rf8 11. Nd5 c6 12. Nxf6+ Nxf6 13. Nd2 Ng4 14. Bh4 f5 15. exf5 Bxf5 16. Bxg4 Bxg4 17. f3 Be6 18. Bg5 Bf5 19. Rhe1 a5 20. Ne4 a4 21. Rd6 Rae8 22. Nc5 a3 23. b3 Rf7 24. Ne4 h6 25. Bd2 Rd7 26. Rxd7 Bxd7 27. Bb4 Ra8 28. Kd2 Bf5 29. Kc2 Bf8 30. Bxf8 Kxf8 31. Kc3 Ke7 32. Nc5 b6 33. Na4 b5 34. Nb6 Rb8 35. c5 Kf6 36. Kb4 Rd8 37. Re2 Rd1 38. Kxa3 Rc1 39.
Kb4 h5 40. Rd2 h4 41. Rd6+ Kg5 42. Rxc6 Rc2 43. Rd6 Rxg2 44. c6 Rxh2 45. c7 Rc2 46. Na8 h3 47. Rd1 Rxa2 48. Rh1 Rxa8 49. Kxb5 Kh4 50. Kb6 Kg3 51. Kb7 Rh8 52. b4 h2 53.
b5 Kg2 54. Rc1 h1=Q 55. Rxh1 Kxh1 56. b6 e4 57. Kc6 exf3 58. b7 Be4+ 59. Kb6 Bxb7 60.
Kxb7 f2 61. c8=Q Rxc8 62. Kxc8 f1=Q 63. Kd7 g5 64. Ke6 g4 65. Ke5 g3 66. Ke6 g2 67.
Ke5 g1=Q 68. Kd5 Qgg2+ 69. Ke5 Qge2+ 70. Kd4 Qfd1+ 71. Kc3 Qec2+ 72. Kb4 Qdb1+ 73. Ka3 Qca2# 0-1

[Event "*** Titled Tuesday 3|2 Blitz"]
[Site "Chess.com"]
[Date "2015.01.27"]
[Round "4"]
[White "Beca95"]
[Black "Gevorg_Harutjunyan"]
[Result "1/2-1/2"]
[WhiteElo "2488"]
[BlackElo "2529"]
[TimeControl "180+2"]
[EndTime "12:00:58 PST"]
[Termination "Game drawn by repetition"]

1. d4 Nf6 2. Nf3 g6 3. Bf4 Bg7 4. h3 O-O 5. e3 b6 6. Nbd2 Bb7 7. c3 c5 8. Bh2 cxd4 9. cxd4 d6 10. Be2 Nc6 11.
O-O Qd7 12. a3 Rfd8 13. Rc1 Rac8 14. Re1 a6 15. Nc4 Qc7 16. b4 b5 17. Na5 Qb6 18. Nxb7 Qxb7 19. Qb3 Nb8 20. Bd3 Nbd7 21. Nd2 Nb6 22.
Bg3 Rxc1 23. Rxc1 Rc8 24. Rc2 d5 25. Qa2 Nc4 26. Nb3 Ne4 27. Bxe4 dxe4 28. Nc5 Qb6 29.
Nxe4 Rd8 30. Nc5 h5 31. a4 e5 32. axb5 axb5 33. dxe5 Bxe5 34. Bxe5 Nxe5 35. Rd2 Nc4 36. Rxd8+ Qxd8 37. Qc2 Qa8 38. Qc3 Qd8 39. Nd3 Qd6 40. Nb2 Nxb2 41. Qxb2 Qd1+ 42. Kh2 Qd6+ 43. f4 Qd3 44. Qd4 Qe2 45. e4 Qf1 46. Qe5 h4 47. f5 gxf5 48. exf5 Kh7 49. Qe4 Qc4 50. Qg4 Kh6 51.
Kg1 Qc1+ 52. Kh2 Qc7+ 53. Kh1 Qc1+ 54. Kh2 Qc7+ 55. Kg1 Qc1+ 56. Kf2 Qd2+ 57. Kf3 Qd3+ 58. Kf2 Qd2+ 59. Qe2 Qxb4 60. Qe3+ Kh7 61. Qg5 Qd4+ 62.
Ke2 b4 63. f6 Qe4+ 64. Kd2 Qd4+ 65. Kc1 Qc3+ 66. Kb1 Qb3+ 67. Kc1 Qc3+ 68. Kd1 Qd3+ 69. Kc1 Qc3+ 70. Kb1 Qb3+ 71. Kc1 Qc3+ 72. Kb1 Qb3+ 73. Kc1 Qc3+ 74. Kb1 Qb3+ 1/2-1/2

[Event "*** Titled Tuesday 3|2 Blitz"]
[Site "Chess.com"]
[Date "2015.01.27"]
[Round "4"]
[White "bugsbunny444"]
[Black "AkshatChandra"]
[Result "0-1"]
[WhiteElo "2252"]
[BlackElo "2274"]
[TimeControl "180+2"]
[EndTime "12:02:18 PST"]
[Termination "AkshatChandra won by resignation"]

1. Nf3 Nf6 2. c4 e6 3. g3 d5 4. Bg2 dxc4 5. Qc2 a6 6. Ne5 c5 7. Na3 Be7 8. Naxc4 O-O 9. O-O Nbd7 10. b3 Nxe5 11.
Nxe5 Nd5 12. Bb2 Bd7 13. Nxd7 Qxd7 14. Rac1 Nb4 15. Qb1 Rac8 16. Rfd1 Nc6 17. Qe4 Rfd8 18. Qg4 Bf8 19. a3 Ne7 20. d4 cxd4 21. Rxc8 Qxc8 22. Rxd4 Rxd4 23. Qxd4 Nf5 24. Qe4 b5 25. Bf3 h6 26.
Kg2 Qd7 27. Qb7 Qd2 28. Be5 Qc2 29. b4 Qa4 30. Bb2 Qb3 31. Bc1 Qc3 32. Qc6 Qe1 33. Qc2 Nd4 34. Qd2 Nxf3 35. exf3 Qe5 36. Qe3 Qd5 37.
Bb2 h5 38. Qe4 Qd7 39. Qe5 h4 40. gxh4 Qd2 41. h5 Qh6 42. Bd4 Be7 43. Be3 g5 44. hxg6 Qxg6+ 45. Qg3 Kh7 46. Qxg6+ Kxg6 47. Kf1 Bf6 48. Bc1 Kf5 49. Ke2 Bd4 50. h3 Bf6 51.
f4 Ke4 52. f3+ Kf5 53. Kd3 Bh4 54. Kd4 Bf2+ 55. Kd3 Bg3 56. Kd4 Bxf4 57. Bxf4 Kxf4 58. h4 f6 59. Kc5 f5 60. Kd6 e5 61. h5 e4 62. h6 exf3 63. h7 f2 64. h8=Q f1=Q 65. Qd4+ Kg3 66. Qg7+ Kf3 67. Qc3+ Kg2 68. Qc6+ Qf3 69.
Qxa6 Qd3+ 70. Kc6 f4 71. a4 Qg6+ 72. Kxb5 Qxa6+ 73. Kxa6 f3 74. b5 f2 75. Ka7 f1=Q 76.
b6 Qa1 77. Kb8 Qxa4 78. b7 Qb5 79. Kc7 Qc5+ 80. Kd7 Qb6 81. Kc8 Qc6+ 82. Kb8 Kf3 83. Ka7 Qa4+ 84. Kb8 Ke4 85. Kc7 Qc4+ 86. Kb6 Qb4+ 87.
Kc6 Ke5 88. Kc7 Qc5+ 89. Kd7 Qb6 90. Kc8 Qc6+ 91. Kb8 Kd6 92. Ka7 Qa4+ 93. Kb6 Qb3+ 94.
Ka7 Kc7 0-1